 Dungeon Crawl Stone Soup version 0.20.1-1-g8b1a95d (webtiles) character file.

32 IanKeith the Firebug (level 3, -1/26 HPs)
             Began as a Draconian Fire Elementalist on Sept 13, 2017.
             Slain by Sigmund
             ... wielding a +0 scythe
              (9 damage)
             ... on level 2 of the Dungeon.
             The game lasted 00:05:39 (1133 turns).

IanKeith the Firebug (Draconian Fire Elementalist)  Turns: 1133, Time: 00:05:40

Health: -1/26      AC:  5    Str: 10    XL:     3   Next: 8%
Magic:  1/6        EV: 12    Int: 16    God:
Gold:   67         SH:  0    Dex: 11    Spells: 5/6 levels left

rFire    . . .     SeeInvis .   h - +1 flail (holy)
rCold    . . .     Gourm    .   (no shield)
rNeg     . . .     Faith    .   (armour unavailable)
rPois    .         Spirit   .   (helmet restricted)
rElec    .         Reflect  .   (no cloak)
rCorr    .         Harm     .   (no gloves)
MR       .....                  (no boots)
Stlth    ++........             (no amulet)
Regen    0.1/turn               (no ring)
MPRegen  0.1/turn               (no ring)

@: very slightly contaminated
A: unfitting armour, cold-blooded, AC +5
a: no special abilities


You were on level 2 of the Dungeon.
You were very hungry.

You visited 1 branch of the dungeon, and saw 2 of its levels.

You collected 67 gold pieces.

Inventory:

Hand Weapons
 d - a +0 dagger
 h - a +1 flail of holy wrath (weapon)
Jewellery
 g - an uncursed ring of protection from cold {unknown}
 i - an uncursed ring of magical power {unknown}
Scrolls
 e - 2 scrolls of identify {unknown}
 f - a scroll of noise {unknown}
 m - a scroll of fog {unknown}
 n - a scroll of recharging {unknown}
Books
 a - a book of Flames

   Spells                             Type                      Level
   a - Flame Tongue                   Conjuration/Fire             1
   b - Throw Flame                    Conjuration/Fire             2
   c - Conjure Flame                  Conjuration/Fire             3
   d - Inner Flame                    Hexes/Fire                   3
   e - Sticky Flame                   Conjuration/Fire             4
   f - Fireball                       Conjuration/Fire             5
Comestibles
 b - 2 bread rations
 c - 4 royal jellies
 k - a meat ration


   Skills:
 + Level 0.6 Short Blades
 + Level 2.1 Dodging
 + Level 1.8 Stealth
 + Level 2.3 Spellcasting
 + Level 1.2 Conjurations
 + Level 3.5 Fire Magic


You had 5 spell levels left.
You knew the following spells:

 Your Spells              Type           Power        Failure   Level  Hunger
a - Flame Tongue          Conj/Fire      #....        8%          1    #......


Dungeon Overview and Level Annotations

Branches:
Dungeon (2/15)

Altars:
Kikubaaqudgha

Annotations:
D:2 Sigmund


Innate Abilities, Weirdness & Mutations

Your plain brown scales are hard. (AC +5)
You cannot fit into any form of body armour.
You are cold-blooded and may be slowed by cold attacks.


Message History

Sigmund flickers and vanishes!
Deactivating autopickup; reactivate with Ctrl-A.
Something hits you but does no damage. Something hits you.
Something hits you but does no damage. Something hits you but does no damage.
Casting: Flame Tongue
Confirm with . or Enter, or press ? or * to list all spells.
Aiming: Flame Tongue
Press: ? - help, Shift-Dir - straight line The flame tongue hits something.
Something hits you but does no damage.
You feel less wooden. Something hits you.
You barely miss something. Something hits you!
* * * LOW HITPOINT WARNING * * *
You miss something. You tail-slap something.
You are feeling very hungry.
Something hits you!
You die...

...r..#
...... #....
#... #.[ #.#
#.#
###{######
#.@........
#.#...#..#.
#.#...# ..
#.#.........
#.#####.....#
#.#..........
##.#.####....
#..........#
#..........+
..


There were no monsters in sight!

Vanquished Creatures
  An adder (D:2)
  A dart slug (D:1)
  A ball python (D:1)
  3 bats (D:1)
  2 giant cockroaches (D:1)
  3 goblins
  A hobgoblin (D:1)
  A frilled lizard (D:1)
  2 kobolds (D:1)
  6 rats
21 creatures vanquished.

Notes
Turn   | Place    | Note
-------+----------+-------------------------------------------
     0 | D:1      | IanKeith the Draconian Fire Elementalist began the quest for the Orb.
     0 | D:1      | Reached XP level 1. HP: 14/14 MP: 3/3
   138 | D:1      | Reached XP level 2. HP: 20/20 MP: 1/5
   509 | D:2      | Found an ancient bone altar of Kikubaaqudgha.
   557 | D:2      | Reached XP level 3. HP: 11/26 MP: 1/6
  1081 | D:2      | Noticed Sigmund
  1133 | D:2      | Slain by Sigmund

Skill      XL: |  1  2 |
---------------+-------+-----
Dodging        | 2 |  2.1
Short Blades   | |  0.6
Stealth        | |  1.8
Spellcasting   | |  2.3
Conjurations   | |  1.2
Fire Magic     | |  3.5

Action                   || total
-------------------------++-------
Melee: Dagger            ||    37
       Unarmed           ||     4
       Tailslap          ||     2
       Flail             ||     4
 Cast: Flame Tongue      ||    28
  Use: Potion            ||     3
 Stab: Sleeping          ||     1
Armor: Skin              ||    24
Dodge: Dodged            ||    22
